 Dungeon Crawl Stone Soup version 0.32-a0-975-g85d4e5bfdb (webtiles) character file.

Game seed: 968221855262859767

372 snarfax the Covered (level 6, -4/50 (51) HPs)
             Began as a Mountain Dwarf Fighter on Apr 18, 2024.
             Was a Follower of Elyvilon.
             Incinerated by a bombardier beetle (8 damage)
             ... with a burning spray
             ... on level 5 of the Dungeon.
             The game lasted 00:06:11 (2989 turns).

snarfax the Covered (Mountain Dwarf Fighter)        Turns: 2989, Time: 00:06:12

HP:   -4/50 (51)    AC: 11    Str: 20    XL:     6   Next: 43%
MP:   6/6           EV:  8    Int:  9    God:    Elyvilon [*.....]
Gold: 318           SH:  5    Dex:  9    Spells: 5/5 levels left

rFire   . . .        a - +0 war axe
rCold   . . .        c - +1 buckler
rNeg    + . .        b - +0 scale mail
rPois   .            (no helmet)
rElec   .            m - +0 cloak
rCorr   .            k - +0 pair of gloves
SInv    .            l - +0 pair of boots
Will    .....        (no amulet) Stlth
                     e - ring of positive energy
HPRegen 0.28/turn    (no ring)
MPRegen 0.10/turn

%: no passive effects
@: mighty, on fire, glowing, lightly drained
A: runic magic, artefact enchanting
a: Renounce Religion, Purification


You were on level 5 of the Dungeon.
You worshipped Elyvilon.
Elyvilon was aware of your devotion.
You visited 1 branch of the dungeon, and saw 5 of its levels.

You collected 318 gold pieces.

Inventory:

Hand Weapons
 a - a +0 war axe (weapon)
Armour
 b - a +0 scale mail (worn)
 c - a +1 buckler (worn)
 k - a +0 pair of gloves (worn)
 l - a +0 pair of boots (worn)
 m - a +0 cloak (worn)
Jewellery
 e - a ring of positive energy (left hand)
Wands
 q - a wand of polymorph (3)
Scrolls
 f - a scroll of revelation
 g - a scroll of poison
 i - a scroll of teleportation
 n - a scroll of fear {unknown}
 o - a scroll of enchant armour
Potions
 j - 2 potions of lignification
 p - a potion of degeneration {unknown}
 r - 2 potions of brilliance


   Skills:
 + Level 3.3 Fighting
 * Level 5.4 Axes
 + Level 5.4 Armour
 - Level 5.0 Shields


You had 5 spell levels left.
You didn't know any spells.
Your spell library contained the following spells:

 Spells                   Type           Power      Damage    Failure   Level
 Ensorcelled Hibernation  Hex/Ice        0%         N/A       67%         2
 Lesser Beckoning         Tloc           0%         N/A       67%         2
 Maxwell's Portable Pile  Tloc           0%         2d(5-13)  88%         3
 Passwall                 Erth           0%         N/A       88%         3
 Swiftness                Air            0%         N/A       88%         3
 Teleport Other           Tloc           0%         N/A       88%         3


Dungeon Overview and Level Annotations

Branches:
Dungeon (5/15)
 Temple: D:4-7

Altars:
Elyvilon
Nemelex Xobeh
Qazlal
Trog
Vehumet


Innate Abilities, Weirdness & Mutations

Your spellcasting is much less encumbered by armour.
You can use scrolls of enchantment on lesser artefacts.


Message History

The hound bites you but does no damage. The hound barely misses you.
The bombardier beetle bites you but does no damage.
You barely miss the hound.
The hound is heavily wounded.
You slash the bombardier beetle! The liquid fire burns you!
The hound barely misses you. The hound bites you but does no damage.
You block the bombardier beetle's attack.
You barely miss the hound.
The hound is heavily wounded.
You completely miss the bombardier beetle.
The liquid fire burns you! The hound bites you but does no damage.
The hound bites you.
Okay, then.
You feel very mighty all of a sudden. The liquid fire burns you!
* * * LOW HITPOINT WARNING * * *
The hound bites you but does no damage.
You block the bombardier beetle's attack.
The hound barely misses you.
You slice the bombardier beetle!!
You kill the bombardier beetle!
You hit the hound. The liquid fire burns you!
* * * LOW HITPOINT WARNING * * *
The hound bites you but does no damage. You block the hound's attack.
You barely miss the hound.
The hound is severely wounded.
The liquid fire burns you!
* * * LOW HITPOINT WARNING * * *
The hound bites you but does no damage.
You closely miss the hound.
The hound is severely wounded.
The liquid fire burns you! Elyvilon protects you from harm!
The hound bites you but does no damage. The hound barely misses you.
You closely miss the hound.
The hound is severely wounded.
The liquid fire burns you!
You die...

#########
.##.......#
..>.......#
..........#
..........#
..........#
........(<#
....?.....#
......†@..#
.##....h..#
#.......#
..........#
..........#
..........#
.##.......#
#.......#


You could see a hound.

Vanquished Creatures
  A black bear (D:4)
  A bombardier beetle (D:5)
  A hound (D:4)
  2 orc priests (D:3)
  An iguana (D:3)
  An orc wizard (D:3)
  3 adders
  A ribbon worm (D:3)
  A dart slug (D:2)
  7 orcs
  5 ball pythons
  4 bats
  5 endoplasms
  2 giant cockroaches (D:1)
  4 goblins (D:2)
  7 hobgoblins
  10 kobolds
  3 quokkas
  5 frilled lizards
  6 rats
70 creatures vanquished.

Notes
Turn   | Place    | Note
-------+----------+-------------------------------------------
     0 | D:1      | snarfax the Mountain Dwarf Fighter began the quest for the
                  | Orb.
     0 | D:1      | Reached XP level 1. HP: 19/19 MP: 1/1
    70 | D:1      | Reached XP level 2. HP: 23/26 MP: 2/2
   664 | D:2      | Identified the staff "Atiost" {Fly rN+++ Int-2 Dex-3 Conj}
   715 | D:2      | Reached XP level 3. HP: 24/31 MP: 3/3
   988 | D:2      | Found a faded altar of an unknown god.
  1145 | D:2      | Found a stormy altar of Qazlal.
  1425 | D:3      | Reached XP level 4. HP: 26/38 MP: 4/4
  1639 | D:3      | Reached XP level 5. HP: 42/45 MP: 5/5
  1735 | D:3      | Found a white marble altar of Elyvilon.
  1743 | D:3      | Became a worshipper of Elyvilon the Healer
  2167 | D:3      | Found a sparkling altar of Nemelex Xobeh.
  2397 | D:4      | Reached * piety under Elyvilon
  2421 | D:4      | Found a radiant altar of Vehumet.
  2649 | D:4      | Noticed a black bear
  2662 | D:4      | Killed a black bear
  2663 | D:4      | Reached skill level 5 in Axes
  2663 | D:4      | Reached skill level 5 in Armour
  2663 | D:4      | Reached skill level 5 in Shields
  2663 | D:4      | Reached XP level 6. HP: 44/51 MP: 6/6
  2884 | D:4      | Found a bloodstained altar of Trog.
  2968 | D:5      | Entered Level 5 of the Dungeon
  2988 | D:5      | Elyvilon protects you from harm!
  2989 | D:5      | Incinerated by a bombardier beetle

Illustrated notes

Levels and vault maps discovered:
D:1:      spicycebolla_arrival_clurvy, layout_basic
D:2:      layout_basic, shapermc_ecumenical_altar_notcrosses, basic_altar,
          serial_curves, eino_curves_01, eino_curves_02, eino_curves_04,
          eino_curves_02, chequers_serial_rivers_marsh
D:3:      layout_basic, nemelex_diamond_rough_becter,
          nicolae_overflow_crystal_walls
D:4:      layout_loops_ring, amcnicky_altar_gilded,
          mainiacjoe_overflow_boulevard, chequers_serial_rivers_micro_c
D:5:      layout_gridville

Skill      XL: |  1  2  3  4  5 |
---------------+----------------+-----
Axes           | 3 4 5 |  5.4
Armour         | 4 5 |  5.4
Shields        | 4 5 |  5.0
Fighting       | |  3.3

Action                     |  1- 3 |  4- 6 || total
---------------------------+-------+-------++-------
  Melee: War axe           |   118 |   113 ||   231
    Use: Scroll            |     7 |     1 ||     8
         Potion            |       |     1 ||     1
 Armour: Scale mail        |   118 |   102 ||   220
  Dodge: Dodged            |    50 |    39 ||    89
  Block: Buckler           |    33 |    31 ||    64

Table legend: (Time is in decaauts)
 A = Elapsed time spent in this place.
 B = Non-inter-level travel time spent in this place.
 C = Inter-level travel time spent in this place.
 D = Time resting spent in this place.
 E = Time spent auto-exploring this place.
 F = Levels seen in this place.
 G = Mean time per level.
                   A        B        C        D        E       F      G
               +--------+--------+--------+--------+--------+-----+--------+
         Total |   3071 |   2985 |     86 |    100 |   2279 |   5 |  614.2 |
       Dungeon |   3071 |   2985 |     86 |    100 |   2279 |   5 |  614.2 |
               +--------+--------+--------+--------+--------+-----+--------+

Top non-repeatable levels by time:
     D:3: 1010 daAuts
     D:2: 763 daAuts
     D:4: 675 daAuts
     D:1: 596 daAuts
     D:5: 25 daAuts
